 Dungeon Sprint DCSS version 0.30-a0-134-gb40fab5c76 (webtiles) character file.

Game seed: 8303227250691176282

1494 iguanaiguana the Unseen (level 8, -3/44 HPs)
             Began as a Spriggan Enchanter on Sept 20, 2022.
             Was an Initiate of Dithmenos.
             Slain by a centaur warrior (4 damage)
             ... in the Dungeon (Sprint I: "Red Sonja").
             The game lasted 00:04:35 (463 turns).

iguanaiguana the Unseen (Spriggan Enchanter)         Turns: 463, Time: 00:04:35

Health: -3/44      AC:  3    Str:  4    XL:     8   Next: 51%
Magic:  7/13       EV: 17    Int: 16    God:    Dithmenos [......]
Gold:   417        SH:  0    Dex: 18    Spells: 4/12 levels left

rFire   . . .      SeeInvis +    m - +2 dagger (drain)
rCold   . . .      Faith    .    (no shield)
rNeg    . . .      Spirit   .    b - +0 robe
rPois   .          Reflect  .    (helmet restricted)
rElec   .          Harm     .    r - +0 cloak
rCorr   .          Rampage  .    (gloves unavailable)
Will    +....      NoTele   +    (boots unavailable)
Stlth   +++++++...               (no amulet)
HPRegen 0.14/turn                (no ring)
MPRegen 0.13/turn                (no ring)

@: very quick
A: very small, no large weapons, unfitting armour, see invisible, speed 3
a: Renounce Religion


You were in the Dungeon.
You worshipped Dithmenos.
Dithmenos was noncommittal.
You visited 1 branch You collected 714 gold pieces.
You spent 297 gold pieces at shops.

Inventory:

Hand Weapons
 m - a +2 dagger of draining (weapon)
 q - a +1 dagger of venom
Missiles
 l - 3 curare-tipped darts (quivered)
Armour
 b - a +0 robe (worn)
 r - a +0 cloak (worn)
Wands
 h - a wand of polymorph (9)
 s - a wand of light (6)
Scrolls
 a - a scroll of vulnerability {unknown}
 i - a scroll of blinking {@r4}
 n - 3 scrolls of identify {unknown}
 o - a scroll of immolation {unknown}
 p - a scroll of fear {unknown}
 t - a scroll of magic mapping {unknown}
 u - a scroll of poison {unknown}
Potions
 c - 2 potions of invisibility
 d - 3 potions of curing {@q1}
 e - a potion of heal wounds {@q2}
 f - a potion of haste {@q4}
 g - 2 potions of magic
 j - a potion of attraction {unknown}
 k - a potion of might {unknown}


   Skills:
 - Level 6.0 Fighting
 - Level 10.0 Short Blades
 + Level 4.3 Throwing
 - Level 2.6 Dodging
 - Level 17.3 Stealth
 - Level 2.6 Spellcasting
 - Level 10.4 Hexes
 + Level 5.8 Evocations


You had 4 spell levels left.
You knew the following spells:

 Your Spells              Type           Power      Damage    Failure   Level
a - Ensorcelled Hibernat  Hex/Ice        36%        N/A       3%          2
b - Confusing Touch       Hex            35%        N/A       1%          3
c - Tukima's Dance        Hex            35%        N/A       1%          3

Your spell library contained the following spells:

 Spells                   Type           Power      Damage    Failure   Level
 Dazzling Flash           Conj/Hex       36%        N/A       7%          3


Dungeon Overview and Level Annotations

Branches:
Dungeon (1/1) Zot: 27000

Altars:
Cheibriados
Dithmenos
Elyvilon
Fedhas
Gozag
Hepliaklqana
Kikubaaqudgha
Nemelex Xobeh
Okawaru
Qazlal
Ru
Sif Muna
Trog
Uskayaw
Vehumet
Wu Jian
Yredelemnul
Zin
The Shining One

Shops:
D *:


Innate Abilities, Weirdness & Mutations

You are very small and have problems with some larger weapons.
You are too small for most types of armour.
You have supernaturally acute eyesight. (SInv)
You cover ground extremely quickly. (Speed+++)


Message History

Found three items.
Found 12 gold pieces.
t - a scroll labelled REFIAWAZYC
u - a scroll labelled FIUPRI YFEUMP Unknown command.
You now have 417 gold pieces (gained 12).
Okay, then. 2 centaur warriors come into view.
Found a scale mail and 5 gold pieces.
The centaur warrior moves out of view. x2
You enter the shallow water.
Moving in this stuff is going to be slow.
The centaur warrior shouts! x2
The centaur warrior wields a +0 shortbow.
The centaur warrior shoots an arrow.
The arrow hits you! The centaur warrior hits you.
The centaur warrior kicks you.
The centaur warrior shoots an arrow.
The centaur warrior kicks you.
Casting: Ensorcelled Hibernation (safe; 3% risk of failure)
Confirm with . or Enter, or press ? or * to list all spells.
Okay, then.
Casting: Ensorcelled Hibernation (safe; 3% risk of failure)
Confirm with . or Enter, or press ? or * to list all spells.
Okay, then.
Casting: Ensorcelled Hibernation (safe; 3% risk of failure)
Confirm with . or Enter, or press ? or * to list all spells.
Aiming: Tukima's Dance (safe; 1% risk of failure)
Press: ? - help, Shift-Dir - straight line, f - centaur warrior
Aim: a centaur warrior, wielding a +0 shortbow (chance to affect: 46%)
The centaur warrior resists with some effort.
The centaur warrior shoots an arrow.
The arrow hits you!!
Ouch! That really hurt!
* * * LOW HITPOINT WARNING * * *
The centaur warrior hits you.
* * * LOW HITPOINT WARNING * * *
Casting: Tukima's Dance (safe; 1% risk of failure)
Confirm with . or Enter, or press ? or * to list all spells.
Aiming: Tukima's Dance (safe; 1% risk of failure)
Press: ? - help, Shift-Dir - straight line, f/p - centaur warrior
Aim: a centaur warrior, wielding a +0 shortbow (purple smoke, chance to affect: 46%)
The +0 shortbow dances into the air!
The centaur warrior kicks you.
You die...

#############
#.)'..#..'..#
'..#.)').#..+
#####'#####'# ####
####..#...#.####§§#
#__####..##(#~§(§§#
#_____##'#_.+§§§c§+
#_.∩..†'..._#~§§@c#
#_..__##_.#+##'####
#_____###'# #.§§§#
#########.####§###
.......'...'.....+
++++####.).#######
###.### #.#'#.#
#.....#


You could see 2 centaur warriors and a friendly +0 shortbow.

Vanquished Creatures
  Sonja (D)
  A deep troll (D)
  Sigmund (D)
  A yak (D)
  An ogre (D)
  A jelly (D)
  Ijyb (D)
  A ballistomycete spore (D)
8 creatures vanquished.

Vanquished Creatures (others)
  A ballistomycete spore (D)
1 creature vanquished.

Grand Total: 9 creatures vanquished

Notes
Turn   | Place    | Note
-------+----------+-------------------------------------------
     0 | D        | iguanaiguana the Spriggan Enchanter began the quest for the
                  | Orb.
     0 | D        | Reached XP level 1. HP: 9/9 MP: 5/5
     2 | D        | Noticed Ijyb
     8 | D        | Killed Ijyb
     9 | D        | Reached skill level 10 in Stealth
     9 | D        | Reached XP level 2. HP: 13/13 MP: 6/6
    65 | D        | Noticed an ogre
    68 | D        | Killed an ogre
    69 | D        | Reached skill level 5 in Short Blades
    69 | D        | Reached skill level 12 in Stealth
    69 | D        | Reached XP level 3. HP: 16/16 MP: 8/8
    69 | D        | Reached XP level 4. HP: 21/21 MP: 9/9
    73 | D        | Learned a level 2 spell: Ensorcelled Hibernation
    77 | D        | Learned a level 3 spell: Confusing Touch
    86 | D        | Noticed Sigmund
    91 | D        | Killed Sigmund
    92 | D        | Reached skill level 13 in Stealth
    92 | D        | Reached XP level 5. HP: 28/28 MP: 3/10
    92 | D        | Reached XP level 6. HP: 32/32 MP: 3/11
    96 | D        | Learned a level 3 spell: Tukima's Dance
   168 | D        | Found an ornate altar of the Wu Jian Council.
   168 | D        | Found a shimmering blue altar of Sif Muna.
   170 | D        | Found a radiant altar of Vehumet.
   175 | D        | Reached skill level 14 in Stealth
   197 | D        | Found Lelil's Book Emporium.
   197 | D        | Found an ancient bone altar of Kikubaaqudgha.
   197 | D        | Found a hazy altar of Hepliaklqana.
   197 | D        | Found a stormy altar of Qazlal.
   197 | D        | Found a hide-covered altar of Uskayaw.
   197 | D        | Found a blossoming altar of Fedhas.
   197 | D        | Found a bloodstained altar of Trog.
   197 | D        | Found an iron altar of Okawaru.
   197 | D        | Found a basalt altar of Yredelemnul.
   197 | D        | Found a glowing golden altar of the Shining One.
   197 | D        | Found a snail-covered altar of Cheibriados.
   197 | D        | Found a sacrificial altar of Ru.
   197 | D        | Found a glowing silver altar of Zin.
   197 | D        | Found a shadowy altar of Dithmenos.
   197 | D        | Found a white marble altar of Elyvilon.
   197 | D        | Noticed a yak
   198 | D        | Found an opulent altar of Gozag.
   199 | D        | Killed a yak
   200 | D        | Found a sparkling altar of Nemelex Xobeh.
   208 | D        | Became a worshipper of Dithmenos the Shadowed
   220 | D        | Noticed Sonja
   224 | D        | Killed Sonja
   225 | D        | Reached skill level 10 in Short Blades
   225 | D        | Reached skill level 17 in Stealth
   225 | D        | Reached skill level 10 in Hexes
   225 | D        | Reached XP level 7. HP: 38/38 MP: 12/12
   245 | D        | Found Osulicel's Assorted Antiques.
   253 | D        | Bought a scroll labelled PUB LOMYESOAZA for 27 gold pieces
   253 | D        | Bought a scroll labelled VOTSERAUMU for 27 gold pieces
   253 | D        | Bought a scroll labelled VOTSERAUMU for 27 gold pieces
   253 | D        | Bought a scroll labelled LAIDOED DUGHIE for 27 gold pieces
   253 | D        | Bought a scroll labelled HEUNLY JARAM for 27 gold pieces
   253 | D        | Bought a scroll labelled VOTSERAUMU for 27 gold pieces
   253 | D        | Bought a glowing dagger for 135 gold pieces
   267 | D        | Noticed a deep troll
   271 | D        | Killed a deep troll
   272 | D        | Reached skill level 5 in Evocations
   272 | D        | Reached XP level 8. HP: 44/44 MP: 13/13
   459 | D        | Noticed a centaur warrior
   459 | D        | Noticed a centaur warrior
   462 | D        | HP: 1/44 [centaur warrior (4)]
   463 | D        | Slain by a centaur warrior

Illustrated notes

Levels and vault maps discovered:
D:        dungeon_sprint_1 [red_sonja_temple_1, red_sonja_temple_small_1]

Skill      XL: |  1  2  3  4  5  6  7 |
---------------+----------------------+-----
Stealth        | 10 12 13 17 | 17.3
Short Blades   | 5 7 10 | 10.0
Fighting       | 3 4 6 |  6.0
Hexes          | 6 10 | 10.4
Throwing       | 4 |  4.3
Evocations     | 5 |  5.8
Dodging        | |  2.6
Spellcasting   | |  2.6

Action                   |  1- 3 |  4- 6 |  7- 9 || total
-------------------------+-------+-------+-------++-------
Melee: Dagger            |     4 |     4 |     2 ||    10
Throw: Dart              |       |       |     2 ||     2
 Cast: Ensorcelled Hiber |       |     2 |       ||     2
       Tukima's Dance    |       |       |     2 ||     2
  Use: Potion            |     1 |       |       ||     1
 Stab: Sleeping          |     2 |     4 |     1 ||     7
Dodge: Dodged            |     3 |     1 |     4 ||     8

Table legend: (Time is in decaauts)
 A = Elapsed time spent in this place.
 B = Non-inter-level travel time spent in this place.
 C = Inter-level travel time spent in this place.
 D = Time resting spent in this place.
 E = Time spent auto-exploring this place.
 F = Levels seen in this place.
 G = Mean time per level.
                   A        B        C        D        E       F      G
               +--------+--------+--------+--------+--------+-----+--------+
         Total |    399 |    399 |      0 |    199 |      0 |   1 |  399.0 |
       Dungeon |    399 |    399 |      0 |    199 |      0 |   1 |  399.0 |
               +--------+--------+--------+--------+--------+-----+--------+

Top non-repeatable levels by time:
       D: 399 daAuts
